 Dungeon Crawl Stone Soup version 0.31-a0-193-gdfe2569204 (webtiles) character file.

Game seed: 12249186206669759214

5314 qw the Markself (level 10, -1/56 HPs)
             Began as a Deep Elf Hunter on June 24, 2023.
             Was a Believer of Okawaru.
             Succumbed to a red devil's poison
             ... on level 9 of the Dungeon.
             The game lasted 00:02:58 (7220 turns).

qw the Markself (Deep Elf Hunter)                   Turns: 7220, Time: 00:02:59

Health: -1/56      AC: 19    Str: 12    XL:     10   Next: 37%
Magic:  15/15      EV: 21    Int: 17    God:    Okawaru [**....]
Gold:   1140       SH:  0    Dex: 27    Spells: 9/9 levels left

rFire   . . .        Y - +2 hand crossbow (chaos)
rCold   + . .        (no shield)
rNeg    + + .        t - +0 ring mail {Will+}
rPois   .            j - +0 helmet
rElec   +            l - +0 cloak
rCorr   .            k - +2 pair of gloves of Past Mistakes {rC+ rN+ Stlth+}
SInv    .            d - +2 pair of boots of Thoughtfulness {rElec Dex+3 Stlth-}
Will    +++..        h - amulet of the acrobat
Stlth   +++          q - +6 ring of dexterity
HPRegen 0.29/turn    n - ring "Xofinayr" {rN+ Will+ AC+4 Int+2}
MPRegen 0.14/turn

%: acrobat
@: lethally poisoned (-1 -> -6), about to teleport, heroic, spiked
A: no striking features
a: Renounce Religion, Heroism


You were on level 9 of the Dungeon.
You worshipped Okawaru.
Okawaru was pleased with you.
You visited 2 branches of the dungeon, and saw 11 of its levels.

You collected 1140 gold pieces.


   Skills:
 - Level 4.1(9.1) Fighting
 + Level 16.5(21.5) Ranged Weapons
 - Level 2.1(7.1) Armour
 - Level 8.0(13.0) Dodging
 - Level 1.2(6.2) Stealth
 - Level 4.1 Invocations


You had 9 spell levels left.
You didn't know any spells.
Your spell library was empty.

Inventory:

Hand Weapons
 Y - a +2 hand crossbow of chaos (weapon)
Armour
 d - the +2 pair of boots of Thoughtfulness (worn) {rElec Dex+3 Stlth-}
   (You acquired it on level 3 of the Dungeon)

   Dex:       It affects your dexterity (+3).
   rElec:     It insulates you from electricity.
   Stlth:     It makes you less stealthy.
 j - a +0 helmet (worn)
 k - the +2 pair of gloves of Past Mistakes (worn) {rC+ rN+ Stlth+}
   (You found it on level 3 of the Dungeon)

   rC:        It protects you from cold.
   rN:        It protects you from negative energy.
   Stlth:     It makes you more stealthy.
 l - a +0 cloak (worn)
 t - a +0 ring mail of willpower (worn)
Jewellery
 h - an amulet of the acrobat (around neck)
 i - a ring of fire
 n - the ring "Xofinayr" (right hand) {rN+ Will+ AC+4 Int+2}
   (You found it on level 3 of the Dungeon)

   [ring of protection]

   AC:        It affects your AC (+4).
   Int:       It affects your intelligence (+2).
   rN:        It protects you from negative energy.
   Will:      It increases your willpower.
 q - a +6 ring of dexterity (left hand)
Wands
 p - a wand of digging (8)
Scrolls
 b - a scroll of identify
 c - 5 scrolls of teleportation
Potions
 a - a potion of magic
 e - a potion of resistance
 f - a potion of mutation
 m - 2 potions of cancellation
 s - a potion of enlightenment

Dungeon Overview and Level Annotations

Branches:
Dungeon (10/15)            Temple (1/1) D:5
   Lair: D:8-11         Orc: D:9-12

Altars:
Ashenzari
Cheibriados
Dithmenos
Elyvilon
Fedhas
Gozag
Kikubaaqudgha
Makhleb
Nemelex Xobeh
Okawaru
Qazlal
Ru
Sif Muna
Trog
Uskayaw
Vehumet
Wu Jian
Xom
Yredelemnul
Zin
The Shining One

Shops:
D:4 (

Annotations:
D:3 Duvessa


Message History

Enter note:
Enter note:
Enter note:
Enter note:
Enter note:
Enter note:
Enter note:
Enter note: You shoot a bolt.
The bolt hits the kobold brigand!
The bolt freezes the kobold brigand.
The kobold brigand is moderately wounded.
You feel very sick.
The kobold demonologist gestures wildly while chanting.
The kobold demonologist misses you. The wraith completely misses you.
The kobold brigand hits you with a +0 dagger.
7217 ||| READING 6 scrolls of teleportation.
As you read the scroll of teleportation, it crumbles to dust.
You feel strangely unstable.
You feel very sick. The kobold demonologist misses you.
The kobold demonologist hits you but does no damage.
The wraith barely misses you.
The kobold brigand hits you but does no damage.
You shoot a bolt. The bolt hits the kobold brigand!
The bolt burns the kobold brigand.
The kobold brigand is almost dead.
You feel sick.
The kobold demonologist hits you with a +0 dagger.
The kobold demonologist barely misses you.
The wraith hits you but does no damage. The kobold brigand closely misses you.
You shoot a bolt. The bolt hits the kobold brigand!!
You kill the kobold brigand!
Okawaru accepts your kill.
You feel sick.
The kobold demonologist hits you with a +0 dagger.
The kobold demonologist hits you but does no damage.
The wraith hits you but does no damage.
Your life force feels restored.
You shoot a bolt. The bolt barely misses the ynoxinul.
You die...

#################################
................K3...............
................@####............
##.........#...KW####.........###
#.........#.............#....#
##...#.....#.............#....#
.....#.....#.............#....###
.....).).).[.....................
###########'####'##........######
#....#......##....#..###...#.....
#....#......##....#..###...#.....


You could see 2 kobold demonologists, a ynoxinul (summoned) and a wraith.

Vanquished Creatures
  Harold (D:9)
  A two-headed ogre (D:9)
  Maggie (D:9)
  A wyvern (D:9)
  Eustachio (D:4)
  A steam dragon (D:8)
  3 water moccasins
  An ice beast (D:5)
  A sky beast (D:7)
  A black bear (D:6)
  3 orc warriors
  An ogre (D:6)
  3 centaurs (D:9)
  2 kobold brigands
  Blork the orc (D:4)
  2 gnoll sergeants
  2 bullfrogs (D:9)
  A scorpion (D:6)
  8 wights (D:8)
  Dowan (D:3)
  4 howler monkeys
  5 orc priests
  2 jellies
  A gnoll bouda (D:7)
  2 hounds
  8 orc wizards
  4 iguanas
  A sleepcap (D:6)
  Natasha (thrice) (D:4)
  12 gnolls
  8 adders
  4 shadow imps (D:4)
  6 white imps
  4 ufetubi (D:4)
  3 worms
  2 dart slugs
  26 orcs
  10 ball pythons
  6 endoplasms
  2 giant cockroaches
  7 goblins (D:4)
  19 hobgoblins
  12 bats
  A frilled lizard (D:1)
  18 kobolds
  14 rats
220 creatures vanquished.

Notes
Turn   | Place    | Note
-------+----------+-------------------------------------------
     0 | D:1      | qw the Deep Elf Hunter began the quest for the Orb.
     0 | D:1      | Reached XP level 1. HP: 12/12 MP: 3/3
     0 | D:1      | 0 ||| qw: Version: 0.3-a-9-g12657ce
     0 | D:1      | 0 ||| qw: Game counter: 4677
     0 | D:1      | 0 ||| qw: Always use a shield: true
     0 | D:1      | 0 ||| qw: God list: Okawaru
     0 | D:1      | 0 ||| qw: Allow faded altars: false
     0 | D:1      | 0 ||| qw: Do Orc after D:15 true
     0 | D:1      | 0 ||| qw: Do second Lair branch before Depths: true
     0 | D:1      | 0 ||| qw: Lair rune preference: random
     0 | D:1      | 0 ||| qw: Plans: Normal
     0 | D:1      | 0 ||| PLANNING D:1-11
    62 | D:1      | 62 ||| Stepping ~*~*~tactically~*~*~ (water).
   104 | D:1      | Reached XP level 2. HP: 16/16 MP: 4/4
   123 | D:1      | Reached skill level 6 in Ranged Weapons
   210 | D:1      | Reached XP level 3. HP: 20/20 MP: 5/5
   608 | D:1      | 608 ||| READING 2 scrolls labelled COAGOT AMEA.
   609 | D:1      | 609 ||| READING scroll of enchant weapon.
   609 | D:1      | 609 ||| ENCHANTING +1 shortbow.
   610 | D:1      | 610 ||| READING scroll labelled UFIOXA DOTIO.
   613 | D:1      | 613 ||| DROPPING scroll of butterflies.
   664 | D:2      | Reached skill level 7 in Ranged Weapons
   831 | D:2      | Reached XP level 4. HP: 25/25 MP: 6/6
   903 | D:2      | Reached skill level 8 in Ranged Weapons
  1244 | D:2      | 1244 ||| UPGRADING to +0 ring mail.
  1254 | D:2      | 1254 ||| DROPPING +0 leather armour.
  1255 | D:2      | 1255 ||| UPGRADING to +0 helmet.
  1260 | D:2      | 1260 ||| READING scroll labelled OXECRU XUCZY.
  1361 | D:2      | 1361 ||| READING 3 scrolls labelled RECUPEYREH.
  1362 | D:2      | 1362 ||| READING scroll labelled SUCOFI WAK TEF.
  1406 | D:2      | 1406 ||| READING 2 scrolls of identify.
  1406 | D:2      | 1406 ||| IDENTIFYING clear potion
  1442 | D:3      | 1442 ||| DRINKING potion of curing.
  1442 | D:3      | 1442 ||| (to cure confusion)
  1449 | D:3      | 1449 ||| FLEEEEING.
  1450 | D:3      | 1450 ||| FLEEEEING.
  1451 | D:3      | 1451 ||| FLEEEEING.
  1452 | D:3      | 1452 ||| FLEEEEING.
  1453 | D:3      | 1453 ||| FLEEEEING.
  1454 | D:3      | 1454 ||| FLEEEEING.
  1455 | D:3      | 1455 ||| FLEEEEING.
  1456 | D:3      | 1456 ||| FLEEEEING.
  1457 | D:3      | 1457 ||| FLEEEEING.
  1458 | D:3      | 1458 ||| FLEEEEING.
  1467 | D:3      | 1467 ||| FLEEEEING.
  1468 | D:3      | 1468 ||| FLEEEEING.
  1474 | D:3      | 1474 ||| STAIRDANCE
  1521 | D:3      | 1521 ||| STAIRDANCE
  1530 | D:2      | Reached XP level 5. HP: 21/29 MP: 7/7
  1565 | D:3      | 1565 ||| STAIRDANCE
  1769 | D:3      | Identified the ring "Xofinayr" {rN+ Will+ AC+4 Int+2}
  1890 | D:3      | Reached skill level 9 in Ranged Weapons
  1995 | D:3      | Identified the +2 pair of gloves of Past Mistakes {rC+ rN+
                  | Stlth+}
  2190 | D:3      | 2190 ||| READING scroll of enchant weapon.
  2190 | D:3      | 2190 ||| ENCHANTING +2 shortbow.
  2203 | D:3      | 2203 ||| UPGRADING to +2 pair of gloves of Past Mistakes
                  | {rC+ rN+ Stlth+}.
  2208 | D:3      | 2208 ||| DROPPING scarf of harm.
  2209 | D:3      | 2209 ||| UPGRADING to ring "Xofinayr" {rN+ Will+ AC+4
                  | Int+2}.
  2210 | D:3      | 2210 ||| READING scroll labelled HYNLUA UGAU.
  2211 | D:3      | 2211 ||| READING 3 scrolls labelled VINUIWN GENTI.
  2211 | D:3      | Identified 3 scrolls of acquirement
  2211 | D:3      | 2211 ||| ACQUIRING +1 antimagic hand crossbow
  2211 | D:3      | Acquired a +1 antimagic hand crossbow
  2212 | D:3      | 2212 ||| READING 2 scrolls of acquirement.
  2212 | D:3      | 2212 ||| ACQUIRING 495 gold pieces
  2212 | D:3      | Acquired 495 gold pieces
  2213 | D:3      | 2213 ||| READING scroll of acquirement.
  2213 | D:3      | 2213 ||| ACQUIRING +2 pair of boots of Thoughtfulness
                  | {rElec Dex+3 Stlth-}
  2213 | D:3      | Acquired the +2 pair of boots of Thoughtfulness {rElec
                  | Dex+3 Stlth-}
  2215 | D:3      | 2215 ||| SWAPPING to +1 antimagic hand crossbow.
  2216 | D:3      | 2216 ||| UPGRADING to +2 pair of boots of Thoughtfulness
                  | {rElec Dex+3 Stlth-}.
  2221 | D:3      | 2221 ||| DROPPING +3 shortbow of flaming.
  2222 | D:3      | 2222 ||| DRINKING 2 coppery potions.
  2257 | D:3      | 2257 ||| DROPPING potion of lignification.
  2323 | D:4      | Noticed Duvessa
  2323 | D:4      | Noticed Dowan
  2327 | D:4      | 2327 ||| STAIRDANCE
  2329 | D:3      | HP: 7/30 [Duvessa/+0 rapier (8)]
  2330 | D:3      | 2330 ||| READING 2 scrolls of teleportation.
  2331 | D:3      | HP: 3/30 [white imp/puff of frost (2)]
  2332 | D:3      | Killed Dowan
  2333 | D:3      | Reached skill level 1 in Armour
  2333 | D:3      | Reached XP level 6. HP: 3/35 MP: 2/8
  2517 | D:4      | Noticed Blork the orc
  2525 | D:4      | Killed Blork the orc
  2526 | D:4      | Reached skill level 3 in Dodging
  2595 | D:4      | Found Punk's Weapon Emporium.
  2635 | D:4      | Noticed Eustachio
  2641 | D:4      | Killed Eustachio
  2642 | D:4      | Reached skill level 10 in Ranged Weapons
  2656 | D:4      | Noticed Natasha
  2657 | D:4      | Killed Natasha
  2658 | D:4      | Reached XP level 7. HP: 40/40 MP: 3/9
  2710 | D:4      | Noticed Natasha
  2775 | D:4      | Killed Natasha
  2783 | D:4      | 2783 ||| READING scroll of enchant weapon.
  2783 | D:4      | 2783 ||| ENCHANTING +1 antimagic hand crossbow.
  2802 | D:4      | Noticed Natasha
  2807 | D:4      | Killed Natasha
  2849 | D:4      | 2849 ||| READING scroll of brand weapon.
  2849 | D:4      | 2849 ||| BRANDING +2 antimagic hand crossbow.
  3134 | D:4      | 3134 ||| READING scroll labelled QESHISECSOQ.
  3135 | D:4      | 3135 ||| READING scroll labelled ROPTAOT BIO.
  3155 | D:5      | Entered Level 5 of the Dungeon
  3341 | D:5      | Reached skill level 11 in Ranged Weapons
  3412 | D:5      | Found a staircase to the Ecumenical Temple.
  3413 | D:5      | 3413 ||| PLANNING TEMPLE
  3413 | D:5      | 3413 ||| READING scroll labelled PUOSEE SAKOKO.
  3414 | D:5      | 3414 ||| DRINKING 2 amethyst potions.
  3415 | D:5      | 3415 ||| READING 2 scrolls of identify.
  3415 | D:5      | 3415 ||| IDENTIFYING blue potion
  3425 | D:5      | 3425 ||| DROPPING potion of brilliance.
  3432 | Temple   | Entered the Ecumenical Temple
  3433 | Temple   | 3433 ||| PLANNING OKAWARU WORSHIP
  3439 | Temple   | Became a worshipper of Warmaster Okawaru
  3440 | Temple   | 3440 ||| PLANNING D:1-11
  3799 | D:5      | Reached skill level 12 in Ranged Weapons
  3800 | D:5      | Reached XP level 8. HP: 44/44 MP: 10/10
  3933 | D:5      | 3933 ||| UPGRADING to amulet of the acrobat.
  3978 | D:6      | Reached skill level 3 in Fighting
  4038 | D:6      | Reached * piety under Okawaru
  4048 | D:6      | 4048 ||| FLEEEEING.
  4049 | D:6      | 4049 ||| FLEEEEING.
  4050 | D:6      | 4050 ||| FLEEEEING.
  4051 | D:6      | 4051 ||| FLEEEEING.
  4052 | D:6      | 4052 ||| FLEEEEING.
  4053 | D:6      | 4053 ||| FLEEEEING.
  4054 | D:6      | 4054 ||| FLEEEEING.
  4055 | D:6      | 4055 ||| FLEEEEING.
  4065 | D:6      | 4065 ||| FLEEEEING.
  4066 | D:6      | 4066 ||| FLEEEEING.
  4067 | D:6      | 4067 ||| FLEEEEING.
  4068 | D:6      | 4068 ||| FLEEEEING.
  4069 | D:6      | 4069 ||| FLEEEEING.
  4077 | D:6      | Reached skill level 1 in Invocations
  4483 | D:6      | 4483 ||| INVOKING Heroism.
  4735 | D:6      | 4735 ||| UPGRADING to +0 cloak.
  4740 | D:6      | 4740 ||| UPGRADING to ring of resist corrosion.
  4741 | D:6      | 4741 ||| DROPPING ring of wizardry.
  4742 | D:6      | 4742 ||| READING scroll labelled TYOCOSKYMAI.
  4743 | D:6      | 4743 ||| READING scroll labelled LOS NAXKAOT.
  4744 | D:6      | 4744 ||| READING scroll labelled ZOKOTH BERR.
  4773 | D:6      | 4773 ||| STAIRDANCE
  4780 | D:5      | Reached skill level 3 in Invocations
  4809 | D:6      | 4809 ||| READING scroll labelled DIR ERCHUGE.
  4810 | D:6      | 4810 ||| READING 4 scrolls of identify.
  4810 | D:6      | 4810 ||| IDENTIFYING bubbling dark potion
  4864 | D:7      | 4864 ||| INVOKING Heroism.
  4868 | D:7      | 4868 ||| Stepping ~*~*~tactically~*~*~ (outnumbered).
  4874 | D:7      | Reached skill level 13 in Ranged Weapons
  4968 | D:7      | 4968 ||| INVOKING Heroism.
  4998 | D:7      | 4998 ||| INVOKING Heroism.
  5066 | D:7      | Reached XP level 9. HP: 50/50 MP: 14/14
  5105 | D:7      | 5105 ||| READING scroll of brand weapon.
  5105 | D:7      | 5105 ||| BRANDING +2 hand crossbow of draining.
  5179 | D:7      | 5179 ||| INVOKING Heroism.
  5365 | D:7      | 5365 ||| INVOKING Heroism.
  5445 | D:7      | Found a shadowy altar of Dithmenos.
  5485 | D:7      | 5485 ||| DROPPING ring of ice.
  5486 | D:7      | 5486 ||| DROPPING ring of magical power.
  5487 | D:7      | 5487 ||| UPGRADING to +6 ring of dexterity.
  5489 | D:7      | 5489 ||| UPGRADING to ring "Xofinayr" {rN+ Will+ AC+4
                  | Int+2}.
  5491 | D:7      | 5491 ||| DROPPING ring of resist corrosion.
  5492 | D:7      | 5492 ||| READING scroll labelled QIMUBUNINO.
  5493 | D:7      | 5493 ||| READING 3 scrolls of identify.
  5493 | D:7      | 5493 ||| IDENTIFYING golden potion
  5494 | D:7      | 5494 ||| DROPPING potion of ambrosia.
  5627 | D:8      | 5627 ||| Stepping ~*~*~tactically~*~*~ (outnumbered).
  5631 | D:8      | 5631 ||| Stepping ~*~*~tactically~*~*~ (outnumbered).
  5636 | D:8      | Reached skill level 6 in Dodging
  5643 | D:8      | 5643 ||| INVOKING Heroism.
  5763 | D:8      | Reached skill level 14 in Ranged Weapons
  6058 | D:8      | You fall into a shaft and drop 1 floor!
  6058 | D:9      | Found a sparkling altar of Nemelex Xobeh.
  6061 | D:9      | Noticed a two-headed ogre
  6062 | D:9      | 6062 ||| INVOKING Heroism.
  6068 | D:9      | Killed a two-headed ogre
  6069 | D:9      | Reached skill level 15 in Ranged Weapons
  6169 | D:9      | 6169 ||| READING scroll labelled JAXUKY GIUN.
  6170 | D:9      | 6170 ||| READING 4 scrolls of identify.
  6170 | D:9      | 6170 ||| IDENTIFYING ruby potion
  6172 | D:9      | 6172 ||| Stepping ~*~*~tactically~*~*~ (cloud).
  6365 | D:8      | 6365 ||| READING 3 scrolls of identify.
  6365 | D:8      | 6365 ||| IDENTIFYING viscous coppery potion
  6454 | D:9      | Noticed Maggie
  6458 | D:9      | Killed Maggie
  6458 | D:9      | Reached ** piety under Okawaru
  6459 | D:9      | Reached XP level 10. HP: 56/56 MP: 15/15
  6463 | D:9      | Identified the +6 quarterstaff of Petujito {freeze, Int+6}
  6505 | D:9      | Found a flagged portal.
  6530 | D:9      | Noticed Harold
  6531 | D:9      | 6531 ||| INVOKING Heroism.
  6535 | D:9      | Killed Harold
  6536 | D:9      | Reached skill level 16 in Ranged Weapons
  6558 | D:9      | 6558 ||| INVOKING Heroism.
  6559 | D:9      | 6559 ||| Stepping ~*~*~tactically~*~*~ (outnumbered).
  6574 | D:9      | 6574 ||| INVOKING Heroism.
  6629 | D:9      | 6629 ||| Stepping ~*~*~tactically~*~*~ (outnumbered).
  7115 | D:9      | Found a radiant altar of Vehumet.
  7125 | D:9      | 7125 ||| UPGRADING to +2 leather armour of willpower.
  7135 | D:9      | 7135 ||| DROPPING +0 ring mail.
  7136 | D:9      | 7136 ||| UPGRADING to +0 ring mail of willpower.
  7146 | D:9      | 7146 ||| DROPPING +2 leather armour of willpower.
  7147 | D:9      | 7147 ||| READING scroll labelled GIUDUU PUXTAKO.
  7148 | D:9      | 7148 ||| READING 2 scrolls of identify.
  7148 | D:9      | 7148 ||| IDENTIFYING fuming inky potion
  7205 | D:10     | Entered Level 10 of the Dungeon
  7208 | D:10     | 7208 ||| INVOKING Heroism.
  7209 | D:10     | Noticed a soul eater
  7214 | D:10     | 7214 ||| STAIRDANCE
  7216 | D:9      | HP: 12/55 [kobold brigand/+0 dagger (3)]
  7217 | D:9      | 7217 ||| READING 6 scrolls of teleportation.
  7218 | D:9      | HP: 5/55 [kobold demonologist/+0 dagger (2)]
  7219 | D:9      | HP: 1/55 [kobold demonologist/+0 dagger (3)]
  7220 | D:9      | Succumbed to a red devil's poison

Levels and vault maps discovered:
D:1:      mainiacjoe_arrival_reflecting_pool, layout_rooms, serial_rivers,
          chequers_serial_rivers_micro_c, chequers_serial_rivers_small_b,
          chequers_serial_rivers_large_a, chequers_serial_rivers_small_b,
          chequers_serial_rivers_micro_d
D:2:      layout_basic, hangedman_decor_push
D:3:      layout_basic
D:4:      cheibrodos_greedy_goblins, layout_cave_pools, serial_demonic,
          serial_demonic_g, serial_demonic_b, serial_demonic_g,
          serial_demonic_e, serial_demonic_f, serial_shops,
          nicolae_shop_temple_entry_statues_fountains, uniq_eustachio,
          uniq_blork_the_orc, uniq_natasha, uniq_duvessa
D:5:      layout_loops_corners, minmay_temple_entry_tees
D:6:      layout_layer_cave, nicolae_fountain_basement
D:7:      layout_loops_ring, mainiacjoe_overflow_six_doors_small
D:8:      layout_loops_cross
D:9:      layout_stronghold, amcnicky_altar_gilded, vehumet_altar_wand_db,
          enter_bailey_6, uniq_harold, uniq_maggie
D:10:     layout_irregular_city, nicolae_hepliaklqana_monster_ancestors,
          serial_undead, serial_undead_f, serial_undead_f, serial_undead_d,
          serial_undead_a, serial_shops, shop_fountains
Temple:   nicolae_temple_no_exploring_needed

Skill      XL: |  1  2  3  4  5  6  7  8  9 10 |
---------------+-------------------------------+-----
Ranged Weapons | 6 7 8 9 10 12 13 15 16 | 16.5
Fighting       | 2 3 4 |  4.1
Armour         | 1 2 |  2.1
Dodging        | 3 4 5 7 8 |  8.0
Invocations    | 4 |  4.1
Stealth        | |  1.2

Action                     |  1- 3 |  4- 6 |  7- 9 | 10-12 || total
---------------------------+-------+-------+-------+-------++-------
   Fire: Shortbow          |    86 |    99 |       |       ||   185
         Hand crossbow     |       |    26 |   243 |    53 ||   322
 Invoke: Heroism           |       |       |     8 |     4 ||    12
    Use: Scroll            |     3 |    10 |    17 |     3 ||    33
         Potion            |       |     2 |     1 |       ||     3
 Armour: Leather armour    |     3 |     2 |       |       ||     5
         Ring mail         |       |    25 |    70 |    15 ||   110
  Dodge: Dodged            |     7 |    49 |    89 |    36 ||   181

Table legend:
 A = Non-vault XP
 B = Vault XP
 C = Vault XP percentage of total XP
 D = Non-vault monster count
 E = Vault monster count
 F = Vault count percentage of total count
                 A         B        C        D         E       F
            +---------+---------+-------+---------+---------+-------
      Total |    5680 |    1912 |  25.2 |     188 |      32 |  14.5
            +---------+---------+-------+---------+---------+-------
        D:1 |      62 |       0 |   0.0 |      33 |       0 |   0.0
        D:2 |     164 |       0 |   0.0 |      22 |       0 |   0.0
        D:3 |      96 |      66 |  40.7 |      18 |       1 |   5.3
        D:4 |     104 |     457 |  81.5 |      15 |      25 |  62.5
        D:5 |     551 |      47 |   7.9 |      17 |       2 |  10.5
        D:6 |     510 |      80 |  13.6 |      11 |       1 |   8.3
        D:7 |    1017 |       0 |   0.0 |      24 |       0 |   0.0
        D:8 |    1039 |       0 |   0.0 |      25 |       0 |   0.0
        D:9 |    2136 |    1262 |  37.1 |      22 |       3 |  12.0
       D:10 |       1 |       0 |   0.0 |       1 |       0 |   0.0
            +---------+---------+-------+---------+---------+-------
